 Dungeon Crawl Stone Soup version 0.26-a0-708-g17f3b190f9 (webtiles) character file.

Game seed: 9353969129037542999

1007 snetch the Cleaver (level 8, -9/70 HPs)
             Began as a Minotaur Berserker on Oct 28, 2020.
             Was an Elder of Trog.
             Mangled by an orc knight
             ... wielding a +0 glaive
              (28 damage)
             ... in a bailey.
             The game lasted 00:17:05 (4733 turns).

snetch the Cleaver (Minotaur Berserker)             Turns: 4733, Time: 00:17:06

Health: -9/70      AC: 16    Str: 25    XL:     8   Next: 0%
Magic:  7/7        EV: 10    Int:  4    God:    Trog [****..]
Gold:   332        SH:  0    Dex:  9    Spells: 7/7 levels left

rFire    . . .     SeeInvis +   N - +0 halberd
rCold    . . .     Faith    .   (shield currently unavailable)
rNeg     . . .     Spirit   .   n - +0 chain mail
rPois    .         Reflect  .   (helmet restricted)
rElec    .         Harm     .   G - scarf {+Inv}
rCorr    .         Rampage  .   (no gloves)
MR       .....                  A - +2 pair of boots
Stlth    ..........             (no amulet)
HPRegen  0.21/turn              g - +4 ring of protection
MPRegen  0.10/turn              l - ring of see invisible

@: no status effects
A: retaliatory headbutt, horns 2
a: Berserk, Trog's Hand, Brothers in Arms, Renounce Religion, Evoke Invisibility


You were in a bailey.
You worshipped Trog.
Trog was greatly pleased with you.
You visited 2 branches of the dungeon, and saw 8 of its levels.
You also visited: Bailey.

You collected 332 gold pieces.

Inventory:

Hand Weapons
 a - a +0 battleaxe
 b - a +3 flail of protection
 c - a +0 trident
 d - a +2 whip of electrocution
 F - a +0 war axe
 K - a +1 flail of protection
 N - a +0 halberd (weapon)
Missiles
 e - 4 javelins
 h - 52 poisoned darts (quivered)
 j - 124 sling bullets
 m - 117 arrows
 u - 6 boomerangs
 v - 131 stones
 w - 5 silver boomerangs
Armour
 n - a +0 chain mail (worn)
 p - a +0 kite shield
 A - a +2 pair of boots (worn)
 G - a scarf of invisibility (worn)
 M - the +4 scale mail "Ofel" {rF+ Int+4, unknown}
   (You found it on level 7 of the Dungeon)

   It affects your intelligence (+4).
   It protects you from fire.
Jewellery
 g - a +4 ring of protection (left hand)
 l - a ring of see invisible (right hand)
 x - an uncursed ring of protection from cold
 L - a cursed ring of see invisible
Wands
 B - a wand of digging (6)
 D - a wand of iceblast (11)
Scrolls
 k - 4 scrolls of remove curse
 o - 3 scrolls of immolation {unknown}
 q - 3 scrolls of enchant weapon {unknown}
 s - 3 scrolls of blinking {unknown}
 t - 2 scrolls of random uselessness {unknown}
 y - 3 scrolls of identify {unknown}
 C - 2 scrolls of teleportation {unknown}
 J - a scroll of fog {unknown}
Potions
 f - 2 potions of magic {unknown}
 i - 5 potions of curing {unknown}
 r - a potion of flight {unknown}
 z - 2 potions of might {unknown}
 E - a potion of lignification {unknown}
 H - a potion of brilliance {unknown}
 I - a potion of mutation {unknown}


   Skills:
 + Level 5.6 Fighting
 + Level 8.6(8.7) Axes
 + Level 0.2(5.3) Polearms
 - Level 0.4 Throwing
 + Level 4.5 Armour
 + Level 4.3 Dodging
 + Level 1.3 Stealth
 - Level 0.2 Shields
 + Level 0.4 Evocations


You had 7 spell levels left.
You didn't know any spells.
Your spell library was empty.

Dungeon Overview and Level Annotations

Branches:
Dungeon (7/15)             Temple (1/1) D:4          Bailey (1/1)

Altars:
Ashenzari
Cheibriados
Elyvilon
Fedhas
Gozag
Makhleb
Nemelex Xobeh
Qazlal
Ru
Sif Muna
Uskayaw
Vehumet
Yredelemnul
Zin
The Shining One


Innate Abilities, Weirdness & Mutations

You reflexively headbutt those who attack you in melee.
You have a pair of horns on your head.


Message History

You hear a shout!
The orc knight roars a battlecry!
The orc knight goes into a battle-frenzy!
There is an open door here.
An orc knight comes into view. It is wielding a +0 glaive.
The orc knight hits you from afar with a +0 halberd!!
Found a gate leading back out of this place.
You reach to attack!
You hit the orc knight but do no damage.
The orc knight hits you from afar with a +0 halberd.
You reach to attack!
You hit the orc knight but do no damage.
The orc knight hits you from afar with a +0 halberd!!
The orc knight roars a battlecry!
The orc knight goes into a battle-frenzy!
There is an open door here.
The orc knight hits you from afar with a +0 halberd!
* * * LOW HITPOINT WARNING * * *
The orc knight hits you from afar with a +0 glaive!!
You die...

######## ##########.≈.#
##.$$$.# ........§#'.....##.≈.#
.## .≈≈§§§§§§.##...##..≈.# ..##
≈≈....§§§..##.##..≈≈.# ≈..#
§...⌠...§§§.#'#..≈≈.## ≈..#
≈..⌠∩⌠oo≈≈..#'#..≈≈.∩# ..##
≈≈..ooo≈§..## ##..≈≈.# .##
.≈≈§≈≈≈≈..# ##..≈.# ##
....§§@.# ##.≈.#
#############+###'#########.≈.#
.......).##.....##...)).....≈.#
≈≈≈≈≈≈≈≈..##.∩.##..≈≈≈≈≈≈≈≈≈≈.#
.......≈≈[.## ##..≈≈..........#
######..≈≈).###..≈≈..##########
##..≈≈.....≈≈..##
##..≈≈≈≈≈≈≈..## ##.........##


You could see 3 orc knights and 2 orc warriors.

Vanquished Creatures
  2 phantoms
  An ogre (D:7)
  A bullfrog (D:6)
  A scorpion (D:4)
  2 howler monkeys (D:5)
  2 centaur zombies
  2 orc priests (D:3)
  A hound (D:7)
  4 orc wizards
  A worker ant (D:4)
  3 gnolls (D:2)
  8 adders
  A white imp (D:5)
  An ooze (D:2)
  An adder skeleton (D:4)
  4 worms
  5 dart slugs
  3 leopard geckos
  30 orcs
  5 giant cockroaches
  11 goblins
  8 hobgoblins
  2 jackals (D:2)
  5 quokkas
  A ball python (D:2)
  7 bats
  10 frilled lizards
  2 jackal skeletons
  8 kobolds
  A leopard gecko skeleton (D:5)
  7 rats
140 creatures vanquished.

Notes
Turn   | Place    | Note
-------+----------+-------------------------------------------
     0 | D:1      | snetch the Minotaur Berserker began the quest for the Orb.
     0 | D:1      | Reached XP level 1. HP: 19/19 MP: 0/0
   166 | D:1      | Reached XP level 2. HP: 11/27 MP: 1/1
   358 | D:2      | Reached skill level 4 in Axes
   912 | D:1      | Reached XP level 3. HP: 33/33 MP: 2/2
  1400 | D:2      | Reached XP level 4. HP: 22/41 MP: 3/3
  1786 | D:3      | Reached ** piety under Trog
  1788 | D:3      | Reached skill level 5 in Axes
  1948 | D:3      | Reached XP level 5. HP: 37/47 MP: 4/4
  2904 | D:3      | Found a stormy altar of Qazlal.
  2938 | D:3      | Found a faded altar of an unknown god.
  2945 | D:3      | Reached XP level 6. HP: 55/55 MP: 5/5
  2947 | D:3      | Reached *** piety under Trog
  3072 | D:3      | Reached skill level 6 in Axes
  3288 | D:4      | Reached skill level 5 in Fighting
  3376 | D:4      | Found a staircase to the Ecumenical Temple.
  3383 | Temple   | Entered the Ecumenical Temple
  3471 | D:4      | Reached skill level 7 in Axes
  3507 | D:5      | Entered Level 5 of the Dungeon
  3535 | D:4      | Reached XP level 7. HP: 61/61 MP: 6/6
  3550 | D:5      | Reached skill level 1 in Stealth
  3682 | D:4      | Found a glowing golden altar of the Shining One.
  3805 | D:4      | Found a burning altar of Makhleb.
  3806 | D:4      | Found a shimmering blue altar of Sif Muna.
  3900 | D:4      | Found a snail-covered altar of Cheibriados.
  4280 | D:5      | You fall into a shaft and drop 2 floors!
  4290 | D:7      | Reached skill level 8 in Axes
  4322 | D:7      | Got a pitted scale mail
  4323 | D:7      | Found an opulent altar of Gozag.
  4408 | D:7      | Found a flagged portal.
  4421 | D:7      | Reached **** piety under Trog
  4443 | Bailey   | Entered a bailey
  4504 | Bailey   | Reached XP level 8. HP: 70/70 MP: 7/7
  4547 | Bailey   | Noticed an orc knight
  4727 | Bailey   | Noticed an orc knight
  4727 | Bailey   | Noticed an orc knight
  4729 | Bailey   | Noticed an orc knight
  4733 | Bailey   | Mangled by an orc knight

Illustrated notes

Levels and vault maps discovered:
D:1:      minmay_arrival_semitransparent, layout_loops_ring, st_stairs_10
D:2:      layout_loops_ring
D:3:      layout_rooms, chequers_ecumenical_altar_simple_redux,
          grunt_qazlal_sundering
D:4:      layout_gridville, kennysheep_slug_shrine,
          gammafunk_temple_overflow_pools, old_standard_altar, temple_green,
          minmay_pentangle
D:5:      layout_layer_cave
D:6:      layout_loops_ring, xom_teletrap_fun, kennysheep_mini_moat, st_stairs_6
D:7:      layout_rooms, riverfiend_overflow_shadow_ancestor,
          overflow_temple_1_default, grunt_gozag_breadcrumbs,
          nicolae_overflow_crystal_walls, enter_bailey_3,
          lightli_ossuary_entry_decrepit_ruins, nicolae_dithmenos_the_darkroom
Temple:   zaba_magenta_temple
Bailey:   bailey_polearm_1, bailey

Skill      XL: |  1  2  3  4  5  6  7 |
---------------+----------------------+-----
Fighting       | 4 5 |  5.6
Axes           | 4 5 7 8 |  8.6
Dodging        | 3 4 |  4.3
Armour         | 3 4 |  4.5
Stealth        | 1 |  1.3
Polearms       | |  0.2
Throwing       | |  0.4
Shields        | |  0.2
Evocations     | |  0.4

Action                   |  1- 3 |  4- 6 |  7- 9 || total
-------------------------+-------+-------+-------++-------
Melee: Hand axe          |    53 |    19 |       ||    72
       Headbutt          |    12 |    26 |    15 ||    53
       War axe           |       |    72 |       ||    72
       Halberd           |       |     5 |     2 ||     7
       Battleaxe         |       |    53 |    84 ||   137
       Trident           |       |       |    51 ||    51
Throw: Dart              |       |     8 |       ||     8
Invok: Berserk           |     2 |     1 |       ||     3
 Abil: Evoke Invisibilit |       |       |     1 ||     1
  Use: Scroll            |       |       |     1 ||     1
 Stab: Invisible         |       |       |     1 ||     1
Armor: Animal skin       |    12 |       |       ||    12
       Chain mail        |       |   108 |    73 ||   181
Dodge: Dodged            |    44 |    73 |    82 ||   199
Block: Kite shield       |       |    28 |       ||    28

Table legend: (Time is in decaauts)
 A = Elapsed time spent in this place.
 B = Non-inter-level travel time spent in this place.
 C = Inter-level travel time spent in this place.
 D = Time resting spent in this place.
 E = Time spent auto-exploring this place.
 F = Levels seen in this place.
 G = Mean time per level.
                   A        B        C        D        E       F      G
               +--------+--------+--------+--------+--------+-----+--------+
         Total |   4858 |   4703 |    155 |     74 |   2798 |   9 |  539.8 |
       Dungeon |   4490 |   4353 |    137 |     74 |   2570 |   7 |  641.4 |
        Temple |     76 |     58 |     18 |      0 |     57 |   1 |   76.0 |
        Bailey |    291 |    291 |      0 |      0 |    171 |   1 |  291.0 |
               +--------+--------+--------+--------+--------+-----+--------+

Top non-repeatable levels by time:
     D:1: 1398 daAuts
     D:2: 942 daAuts
     D:3: 863 daAuts
     D:4: 759 daAuts
     D:5: 321 daAuts
  Bailey: 291 daAuts
     D:7: 178 daAuts
  Temple: 76 daAuts
     D:6: 27 daAuts
